 Dungeon Crawl Stone Soup version 0.31.0-2-g5a2aebc5c2 (webtiles) character file.

Game seed: 9577572066545141613

43 EnegeticOcto the Covered (level 3, -2/33 HPs)
             Began as a Minotaur Fighter on Jan 20, 2024.
             Was a Believer of Uskayaw.
             Slain by a gnoll
             ... wielding a +0 club
              (5 damage)
             ... on level 2 of the Dungeon.
             The game lasted 00:00:33 (1075 turns).

EnegeticOcto the Covered (Minotaur Fighter)         Turns: 1075, Time: 00:00:34

Health: -2/33      AC:  8    Str: 22    XL:     3   Next: 37%
Magic:  2/2        EV:  9    Int:  5    God:    Uskayaw [**....]
Gold:   7          SH:  4    Dex:  9    Spells: 2/2 levels left

rFire   . . .        a - +0 war axe
rCold   . . .        c - +0 buckler
rNeg    . . .        b - +0 scale mail
rPois   .            (helmet restricted)
rElec   .            g - +0 cloak
rCorr   .            (no gloves)
SInv    .            (no boots)
Will    .....        (no amulet) Stlth
                     (no ring)
HPRegen 0.25/turn    (no ring)
MPRegen 0.08/turn

%: no passive effects
@: no status effects
A: horns 2, retaliatory headbutt
a: Renounce Religion, Stomp, Line Pass


You were on level 2 of the Dungeon.
You worshipped Uskayaw.
Uskayaw was noncommittal.
You visited 1 branch of the dungeon, and saw 2 of its levels.

You collected 7 gold pieces.

Inventory:

Hand Weapons
 a - a +0 war axe (weapon)
Armour
 b - a +0 scale mail (worn)
 c - a +0 buckler (worn)
 g - a +0 cloak (worn)
   (You found it on level 1 of the Dungeon)
Scrolls
 f - 2 scrolls of amnesia {unknown}
 h - 2 scrolls of identify {unknown}
 i - a scroll of fog {unknown}
 j - a scroll of vulnerability {unknown}
 l - a scroll of enchant armour {unknown}
Potions
 d - a potion of might {@q3}
 e - 3 potions of curing {unknown}
 k - a potion of attraction {unknown}


   Skills:
 + Level 4.0 Fighting
 * Level 3.4 Axes
 + Level 4.0 Armour
 + Level 4.0 Shields
 + Level 0.4 Invocations


You had 2 spell levels left.
You didn't know any spells.
Your spell library was empty.

Dungeon Overview and Level Annotations

Branches:
Dungeon (2/15)

Altars:
Uskayaw


Innate Abilities, Weirdness & Mutations

You have a pair of horns on your head.
You reflexively headbutt those who attack you in melee.


Message History

No target in view!
No target in view!
No target in view!
No target in view!
j - an amulet of magic regeneration You drop an amulet of magic regeneration.
You now have 7 gold pieces.
j - a scroll labelled ISAPTY PEELAUN A hobgoblin comes into view.
The hobgoblin shouts!
A jackal comes into view.
There are monsters nearby!
There are monsters nearby!
A jackal comes into view.
You barely miss the jackal.
The jackal bites you but does no damage.
The jackal barely misses you.
You hit the hobgoblin.
The hobgoblin is heavily wounded.
You hit the jackal. The hobgoblin barely misses you.
The jackal bites you but does no damage.
You closely miss the jackal. You headbutt the jackal.
You kill the jackal!
You closely miss the hobgoblin. The hobgoblin closely misses you.
The jackal bites you but does no damage.
The hobgoblin barely misses you.
You can now pass through a line of other dancers.
You slash the hobgoblin!
You kill the hobgoblin!
You hit the jackal.
You kill the jackal!
No target in view!
No target in view!
You see here a jackal corpse.
A jackal comes into view.
The jackal barks!
A jackal is nearby!
A jackal is nearby!
You can no longer pass through a line of other dancers.
You closely miss the jackal. You block the jackal's attack. x2
You closely miss the jackal. You headbutt the jackal.
You kill the jackal!
Your Armour skill increases to level 4!
You have reached level 3!
Your experience leads to an increase in your attributes!
Increase (s)trength, (i)ntelligence, or (d)exterity?
You feel stronger. x2
Found a stone staircase leading down.
h - 2 scrolls labelled GYMOAN OHAEPH (gained 1)
k - an amethyst potion A goblin comes into view.
It is wielding a +0 club.
The goblin shouts!
A bat comes into view.
There are monsters nearby!
There are monsters nearby!
There are monsters nearby!
Found a scroll labelled MUNAUT ON GOU.
The bat hits you but does no damage.
You barely miss the bat. Your headbutt misses the bat.
You block the bat's attack. The bat hits you but does no damage.
You slash the bat!
You kill the bat!
You hit the goblin.
You kill the goblin!
No target in view!
No target in view!
No target in view!
l - a scroll labelled MUNAUT ON GOU An endoplasm comes into view.
The endoplasm quivers.
An endoplasm is nearby! 2 gnolls come into view.
The gnoll shouts!
You block the endoplasm's attack.
You slash the endoplasm!
You kill the endoplasm!
The gnoll hits you from afar with a +0 halberd!
The gnoll hits you with a +0 halberd!
You completely miss the gnoll. Your headbutt misses the gnoll.
You closely miss the gnoll. The gnoll hits you with a +0 club.
The gnoll hits you with a +0 halberd.
* * * LOW HITPOINT WARNING * * *
The gnoll barely misses you. You furiously retaliate!
You headbutt the gnoll, but do no damage.
The gnoll barely misses you.
You are too injured to fight recklessly!
There are monsters nearby!
There are monsters nearby!
There are monsters nearby!
You are too injured to fight recklessly!
You barely miss the gnoll. You slash the gnoll!
The gnoll hits you but does no damage. The gnoll hits you with a +0 halberd!
* * * LOW HITPOINT WARNING * * *
You can now pass through a line of other dancers.
You slash the gnoll!
You kill the gnoll!
You closely miss the gnoll. The gnoll hits you but does no damage.
Your Fighting skill increases to level 4!
Your Shields skill increases to level 4!
The gnoll hits you with a +0 club.
You die...

#.... #...## 8...8
#...# #...# ##...##
### #8...⌠# ####.####
####@g.#
###.....#8###8##...#
....##.............##
.#..##.............8#
.#..##...........$.##
.#..##.##8###8###8##
.#.)....### ### ##
.##..###...... .#..##
......


You could see a gnoll.

Vanquished Creatures
  A gnoll (D:2)
  2 ball pythons (D:1)
  5 endoplasms
  2 giant cockroaches (D:1)
  2 hobgoblins
  3 jackals (D:2)
  A quokka (D:1)
  3 bats
  3 frilled lizards
  3 goblins
  A kobold (D:1)
  5 rats (D:1)
31 creatures vanquished.

Notes
Turn   | Place    | Note
-------+----------+-------------------------------------------
     0 | D:1      | EnegeticOcto the Minotaur Fighter began the quest for the
                  | Orb.
     0 | D:1      | Reached XP level 1. HP: 19/19 MP: 0/0
   202 | D:1      | Reached XP level 2. HP: 27/27 MP: 1/1
   398 | D:1      | Found a faded altar of an unknown god.
   410 | D:1      | Prayed at the altar of an unknown god.
   410 | D:1      | Became a worshipper of Uskayaw the Reveller
   410 | D:1      | Reached * piety under Uskayaw
  1017 | D:2      | Reached ** piety under Uskayaw
  1028 | D:2      | Reached XP level 3. HP: 33/33 MP: 2/2
  1075 | D:2      | Slain by a gnoll

Illustrated notes

Levels and vault maps discovered:
D:1:      wander_arrival_estate, layout_basic,
          shapermc_ecumenical_altar_mp_ritualfount
D:2:      layout_basic, serial_corexii_hall, chequers_hall_statues_wall_a,
          corexii_hall_statues_l

Skill      XL: |  1  2  3 |
---------------+----------+-----
Axes           | 3 |  3.4
Armour         | 4 |  4.0
Fighting       | 4 |  4.0
Shields        | 4 |  4.0
Invocations    | |  0.4

Action                     || total
---------------------------++-------
  Melee: War axe           ||    51
         Headbutt          ||     7
 Armour: Scale mail        ||    33
  Dodge: Dodged            ||    25
  Block: Buckler           ||     9
